 Dungeon Crawl Stone Soup version 0.30.0-30-g96aa6591b8 (webtiles) character file.

Game seed: 11202019558090250200

0 croobank the Firebug (level 1, -3/11 HPs)
             Began as an Octopode Fire Elementalist on June 27, 2023.
             Slain by a quokka (4 damage)
             ... on level 1 of the Dungeon.
             The game lasted 00:00:28 (44 turns).

croobank the Firebug (Octopode Fire Elementalist)     Turns: 44, Time: 00:00:29

Health: -3/11      AC:  1    Str:  7    XL:     1   Next: 0%
Magic:  2/3        EV: 13    Int: 17    God:
Gold:   0          SH:  0    Dex: 12    Spells: 3/4 levels left

rFire   . . .        (no weapon)
rCold   . . .        (no shield)
rNeg    . . .        (helmet restricted)
rPois   .            (no amulet)
rElec   .            (no ring)
rCorr   .            (no ring)
SInv    .            (no ring)
Will    .....        (no ring)
Stlth   +++          (no ring)
HPRegen 0.21/turn    (no ring)
MPRegen 0.08/turn    (no ring)
                     (no ring)

%: no passive effects
@: no status effects
A: almost no armour, amphibious, 8 rings, camouflage 1, gelatinous body 1,
(nimble swimmer 1), tentacles
a: no special abilities


You were on level 1 of the Dungeon.
You visited 1 branch of the dungeon, and saw 1 of its levels.

Inventory:

Potions
 a - a potion of magic


   Skills:
 - Level 2.0 Dodging
 + Level 2.6 Stealth
 - Level 2.0 Spellcasting
 - Level 1.0 Conjurations
 - Level 3.0 Fire Magic


You had 3 spell levels left.
You knew the following spells:

 Your Spells              Type           Power      Damage    Failure   Level
a - Foxfire               Conj/Fire      32%        2x1d5     9%          1

Your spell library contained the following spells:

 Spells                   Type           Power      Damage    Failure   Level
 Scorch                   Fire           22%        2d6       9%          2
 Inner Flame              Hex/Fire       6%         N/A       30%         3
 Volatile Blastmotes      Fire/Tloc      12%        2d11      30%         3
 Flame Wave               Conj/Fire      8%         2d5       63%         4


Dungeon Overview and Level Annotations

Branches:
Dungeon (1/15)

Altars:


Innate Abilities, Weirdness & Mutations

You cannot wear most types of armour.
You are amphibious.
You can wear up to eight rings at the same time.
Your skin changes colour to match your surroundings (Stealth+).
Your rubbery body absorbs attacks. (AC +1, EV +1)
((You are camouflaged when in or above water. (Stealth+)))
You have tentacles for arms and can constrict up to eight enemies at once.


Message History

You conjure some foxfire!
The quokka misses you.
A goblin comes into view. It is wielding a +0 club.
The quokka attacks as you move away! The quokka closely misses you.
The foxfire hits the quokka but does no damage.
The goblin closely misses you.
You tentacle-slap the quokka but do no damage.
You grab the quokka. You squeeze the quokka.
The quokka is lightly wounded.
You constrict the quokka, but do no damage.
The goblin hits you with a +0 club. The quokka misses you.
You tentacle-slap the giant cockroach but do no damage.
You grab the giant cockroach. You squeeze the giant cockroach.
The giant cockroach is lightly wounded.
You constrict the giant cockroach, but do no damage.
You constrict the quokka.
The giant cockroach bites you but does no damage.
The quokka closely misses you. The goblin barely misses you.
You tentacle-slap the goblin but do no damage.
Your grab misses the goblin. Your squeeze misses the goblin.
You constrict the giant cockroach, but do no damage.
You constrict the quokka. The giant cockroach closely misses you.
The quokka bites you. The goblin hits you with a +0 club.
* * * LOW HITPOINT WARNING * * *
You miss the goblin. You grab the goblin. Your squeeze misses the goblin.
You constrict the giant cockroach.
You constrict the quokka, but do no damage.
You constrict the goblin, but do no damage.
The giant cockroach closely misses you. The quokka misses you.
The goblin hits you with a +0 club.
* * * LOW HITPOINT WARNING * * *
Okay, then.
You aren't carrying any scrolls.
Unknown command.
You tentacle-slap the goblin. You squeeze the goblin.
The goblin is heavily wounded.
You constrict the giant cockroach. You constrict the quokka.
You constrict the goblin.
The giant cockroach bites you but does no damage.
The quokka bites you.
You die...

#### ##...# ##
##.# .##
#g###.#####.#
#@B.....##.##
##r#..#>##..#
#..v..........#
#.............#
###.........###
##.§§§...##
#.§≈§≈..#
#.§§§≈≈.#
#§§§§≈≈.#


You could see a quokka, a giant cockroach and a goblin.

Vanquished Creatures (others)
  2 foxfires (D:1)
2 creatures vanquished.

Notes
Turn   | Place    | Note
-------+----------+-------------------------------------------
     0 | D:1      | croobank the Octopode Fire Elementalist began the quest for
                  | the Orb.
     0 | D:1      | Reached XP level 1. HP: 11/11 MP: 3/3
    44 | D:1      | Slain by a quokka

Illustrated notes

Levels and vault maps discovered:
D:1:      lemuel_arrival_lava_pool, layout_loops_ring,
          hellmonk_ecumenical_altar_lost_god

Action                     || total
---------------------------++-------
  Melee: Unarmed           ||     5
         Constrict         ||     3
         Tentacles         ||     3
   Cast: Foxfire           ||     2
 Armour: Skin              ||     2
  Dodge: Dodged            ||     9
